Map: 레릴락 마루

Players

Seigifried

  • Race: Protoss Protoss
  • League: Platinum

TOP - Winner!

  • Race: Terran Terran

Event: Gauntlet LotV Series 1 Qualifier 2

VOD

Have the link to the VOD?

Description

Time

  • Played on: Dec. 5, 2015, 2:55 p.m.
  • Length: 7:57

All games in this series

Show
View Real Time Build Order
Export as new Build Order

Seigifried Protoss 

Build Orders: Oracle Opening 

Get SALT Encoding   

  12  0:02  Probe (Chrono Boost)  
  13  0:12  Probe (Chrono Boost)  
  14  0:19  Pylon  
  14  0:23  Probe (Chrono Boost)  
  15  0:38  Gateway  
  15  0:42  Assimilator  
  15  0:44  Probe (Chrono Boost)  
  16  0:55  Probe (Chrono Boost)  
  17  1:05  Probe (Chrono Boost), Assimilator  
  18  1:15  Pylon  
  18  1:16  Probe (Chrono Boost)  
  19  1:32  Cybernetics Core  
  19  1:34  Probe (Chrono Boost)  
  20  1:42  Gateway  
  20  2:11  Stargate  
  20  2:12  Mothership Core (Chrono Boost)  
  20  2:13  Warp Gate  
  22  2:22  Pylon  
  22  2:25  Gateway  
  22  2:30  Probe (Chrono Boost)  
  23  2:40  Probe (Chrono Boost)  
  24  2:53  Probe (Chrono Boost)  
  24  2:54  Oracle (Chrono Boost)  
  27  2:58  Stalker  
  29  3:08  Stalker  
  31  3:17  Pylon  
  31  3:33  Void Ray (Chrono Boost)  
  35  3:39  Probe  
  36  3:46  Pylon  
  36  3:56  Pylon  
  36  4:14  Void Ray (Chrono Boost)  
  40  4:22  Stalker x2  
  40  4:23  Adept  
  46  4:51  Pylon  
  46  4:52  Void Ray (Chrono Boost)  
  50  4:57  Adept x2  
  54  5:09  Adept  
  48  5:41  Adept x3  
  44  5:43  Void Ray (Chrono Boost)  
  42  6:07  Adept x3  
  43  6:28  Void Ray (Chrono Boost)  
  43  6:29  Adept  
  43  6:31  Zealot x2  
  53  6:38  Pylon  
  53  7:05  Void Ray (Chrono Boost)  
  57  7:12  Adept x3  
  63  7:25  Pylon  
Show
View Real Time Build Order
Export as new Build Order

TOP Terran - Winner!

Build Orders:  

Get SALT Encoding   

  12  0:01  SCV  
  13  0:13  SCV  
  14  0:17  Supply Depot  
  14  0:25  SCV  
  15  0:39  SCV  
  15  0:40  Barracks  
  16  0:47  Refinery  
  16  0:51  SCV  
  17  1:01  Barracks  
  17  1:03  SCV  
  18  1:15  SCV  
  19  1:30  Orbital Command  
  19  1:32  Barracks Reactor  
  19  1:39  Supply Depot  
  19  1:48  Barracks Tech Lab  
  19  1:57  SCV  
  21  2:09  SCV, Concussive Shells, Marauder  
  21  2:10  Marine x2  
  21  2:13  Supply Depot  
  25  2:21  SCV  
  26  2:27  Marine  
  26  2:28  Marine  
  28  2:30  Marauder  
  28  2:33  SCV  
  28  2:35  Supply Depot  
  31  2:45  Marine x2  
  31  2:50  SCV  
  36  3:04  Marine x2  
  38  3:11  Command Center  
  35  3:13  Marine  
  35  3:15  Stimpack  
  36  3:23  Marine x2  
  38  3:29  Engineering Bay  
  38  3:35  Marauder  
  40  3:42  Marine x2  
  42  3:49  Supply Depot  
  42  3:55  Missile Turret  
  42  3:59  SCV  
  42  4:01  Marine x2, Marauder  
  47  4:14  Factory  
  47  4:15  Refinery  
  47  4:19  Marine x2  
  49  4:25  Orbital Command  
  49  4:31  Marauder  
  51  4:43  Marine x2  
  52  4:54  Marauder  
  52  4:58  Orbital Command  
  54  5:00  Widow Mine  
  54  5:01  Starport, Marine x2  
  58  5:15  Bunker  
  58  5:18  Marine x2  
  60  5:21  SCV  
  60  5:27  Marine  
  54  5:36  Marine x2  
  54  5:40  SCV  
  57  5:44  Marine  
  57  5:47  SCV  
  59  5:52  SCV  
  59  5:54  Marine  
  62  5:59  Medivac  
  62  6:00  Widow Mine  
  62  6:02  Marine  
  64  6:05  SCV  
  64  6:09  Missile Turret  
  53  6:19  Marine x2  
  53  6:21  SCV x2, Marine  
  50  6:29  Widow Mine  
  52  6:32  Bunker  
  52  6:33  SCV  
  52  6:34  Medivac  
  55  6:44  Marine x2  
  55  6:46  SCV x2  
  59  6:48  Marauder  
  61  6:58  SCV x2  
  63  7:06  Marine x2  
  63  7:09  Marauder  
  63  7:10  SCV  
  63  7:11  Medivac, Widow Mine  
  70  7:20  Bunker  
  70  7:24  Supply Depot, SCV, Marine  
  70  7:29  Marine  
  73  7:31  Marauder  
Tags
 
Add a new tag
Caveats
  • Supply blocks, unpowered buildings, or Contaminate may cause inaccurate times.
  • Supply counts are checked every 10 seconds.